 Dungeon Crawl Stone Soup version 0.28-a0-422-gd71735cc25 (webtiles) character file.

Game seed: 14493991223532674457

1 willcat the Sneak (level 1, -1/13 HPs)
             Began as a Deep Elf Delver on Sept 8, 2021.
             Slain by a sky beast (5 damage)
             ... on level 5 of the Dungeon.
             The game lasted 00:00:17 (64 turns).

willcat the Sneak (Deep Elf Delver)                   Turns: 64, Time: 00:00:18

Health: -1/13      AC:  3    Str:  9    XL:     1   Next: 16%
Magic:  3/3        EV: 12    Int: 14    God:
Gold:   0          SH:  0    Dex: 16    Spells: 0/0 levels left

rFire   . . .      SeeInvis .   a - +0 short sword
rCold   . . .      Faith    .   (no shield)
rNeg    . . .      Spirit   .   b - +0 leather armour
rPois   .          Reflect  .   (no helmet)
rElec   .          Harm     .   (no cloak)
rCorr   .          Rampage  .   (no gloves)
Will    .....                   (no boots)
Stlth   +++.......              (no amulet)
HPRegen 0.04/turn               (no ring)
MPRegen 0.08/turn               (no ring)

@: no status effects
A: no striking features
a: no special abilities


You were on level 5 of the Dungeon.
You visited 1 branch of the dungeon, and saw 1 of its levels.

Inventory:

Hand Weapons
 a - a +0 short sword (weapon)
Armour
 b - a +0 leather armour (worn)
Wands
 g - a wand of digging (3)
Scrolls
 c - a scroll of fog
 d - a scroll of magic mapping
 e - a scroll of fear
 h - a scroll of blinking {unknown}
Potions
 f - a potion of haste


   Skills:
 - Level 2.4 Fighting
 + Level 2.0 Short Blades
 + Level 2.4 Dodging
 + Level 6.0 Stealth


You couldn't memorise any spells.
You didn't know any spells.
Your spell library was empty.

Dungeon Overview and Level Annotations

Branches:
Dungeon (5/15)
 Temple: D:4-7

Altars:


Message History

The helpless quokka fails to defend itself.
You puncture the quokka!
You kill the quokka!
No target in view!
Found a robe.
h - a scroll labelled AQIEWK WITIAHOMAIPH An iguana comes into view.
A killer bee zombie comes into view.
A sky beast comes into view.
The helpless sky beast fails to defend itself.
You impale the sky beast!!
The sky beast is almost dead.
The sky beast flickers out of sight!
Deactivating autopickup; reactivate with Ctrl-A.
Something hits you. Something shocks you.
Unknown command.
A sky beast appears from thin air!
Reactivating autopickup.
An adder comes into view.
Found a lumpy silvery potion and 27 gold pieces.
You hit the sky beast but do no damage.
The sky beast is almost dead.
The sky beast closely misses you.
Unknown command.
You barely miss the sky beast.
The sky beast is almost dead.
The sky beast hits you but does no damage.
Unknown command.
You hit the sky beast but do no damage.
The sky beast is almost dead.
The sky beast misses you.
Unknown command.
You closely miss the sky beast.
The sky beast is almost dead.
The sky beast hits you but does no damage.
Unknown command.
You hit the sky beast.
The sky beast is almost dead.
The sky beast hits you. The sky beast shocks you.
You die...

.$..........>####..#....#
..............##.......†.
$.............##.......##
......##..........###..##
!.............#.#####...#
..............#..##......
....##............#.....Z
.....#..Y..#..##.........
#.....@#....###........
#.......#....##.........
........##..<.......###.
...##..## ......##.. #.
... .... ......... ## ..
.... .......#. # ##...
##. # #.#. . .


You could see a sky beast.

Vanquished Creatures
  A quokka (D:5)
1 creature vanquished.

Notes
Turn   | Place    | Note
-------+----------+-------------------------------------------
     0 | D:5      | willcat the Deep Elf Delver began the quest for the Orb.
     0 | D:5      | Reached XP level 1. HP: 13/13 MP: 3/3
    20 | D:5      | Noticed an iguana
    39 | D:5      | Noticed a sky beast
    64 | D:5      | Slain by a sky beast

Illustrated notes

Levels and vault maps discovered:
D:5:      layout_cave_pools, eat_drink_and_be_merry_uskayaw,
          mainiacjoe_overflow_big_doors, guppyfry_shop_venom, uniq_ijyb

Action                   || total
-------------------------++-------
Melee: Short sword       ||     7
 Stab: Sleeping          ||     2
Armor: Leather armour    ||     2
Dodge: Dodged            ||     2

Table legend: (Time is in decaauts)
 A = Elapsed time spent in this place.
 B = Non-inter-level travel time spent in this place.
 C = Inter-level travel time spent in this place.
 D = Time resting spent in this place.
 E = Time spent auto-exploring this place.
 F = Levels seen in this place.
 G = Mean time per level.
                   A        B        C        D        E       F      G
               +--------+--------+--------+--------+--------+-----+--------+
         Total |     64 |     64 |      0 |      0 |      9 |   1 |   64.0 |
       Dungeon |     64 |     64 |      0 |      0 |      9 |   1 |   64.0 |
               +--------+--------+--------+--------+--------+-----+--------+

Top non-repeatable levels by time:
     D:5: 64 daAuts
